 Dungeon Crawl Stone Soup version 0.32-a0-360-gcd93b57ba1 (webtiles) character file.

Game seed: 2052654908050267457

414 Goblin1989 the Cudgeller (level 6, 0/44 HPs)
             Began as a Coglin Gladiator on Feb 18, 2024.
             Was a Plaything of Xom.
             Slain by a sleepcap (16 damage)
             ... on level 4 of the Dungeon.
             The game lasted 00:04:49 (2398 turns).

Goblin1989 the Cudgeller (Coglin Gladiator)         Turns: 2398, Time: 00:04:49

Health: 0/44       AC:  4    Str: 22    XL:     6   Next: 91%
Magic:  15/15      EV:  2    Int:  8    God:    Xom [*.....]
Gold:   110        SH:  0    Dex: 15    Spells: 5/5 levels left

rFire   + . .        a - +0 flail {Sachi}
rCold   . . .        x - +0 flail {Wira}
rNeg    . . .        b - +0 leather armour
rPois   +            c - +0 helmet
rElec   .            (no cloak)
rCorr   +            (no gloves)
SInv    .            (no boots)
Will    .....        (no amulet)
Stlth   +            o - ring of Kaup {rPois rF+ rCorr MP+9}
HPRegen 0.27/turn    i - +6 ring of strength
MPRegen 0.14/turn

%: no passive effects
@: sleeping, revved, stiff-legged, very slow
A: off-hand wielding, slow wielding, warmup strikes, warmup strides
a: Renounce Religion


You were on level 4 of the Dungeon.
You worshipped Xom.
You were a special plaything of Xom.
You visited 1 branch of the dungeon, and saw 4 of its levels.

You collected 110 gold pieces.

Inventory:

Hand Weapons
 a - a +0 flail (weapon) {Sachi}
 u - a +1 dagger of chaos
 x - a +0 flail (worn) {Wira}
Missiles
 d - 3 throwing nets (quivered) {!d , @Q1}
 e - 6 javelins {@Q3}
Armour
 b - a +0 leather armour (worn)
 c - a +0 helmet (worn)
Jewellery
 i - a +6 ring of strength (right grasper)
 o - the ring of Kaup (left grasper) {rPois rF+ rCorr MP+9}
   (You took it off a goblin on level 2 of the Dungeon)

   [ring of poison resistance]

   rF+:       It protects you from fire.
   rPois:     It protects you from poison MP+9: It affects your magic capacity
   (+9).
   rCorr:     It protects you from acid and corrosion.
Scrolls
 g - 2 scrolls of identify {unknown}
 k - 2 scrolls of fear {unknown}
 l - a scroll of silence {unknown}
 m - a scroll of revelation {unknown}
 n - a scroll of vulnerability {unknown}
 t - a scroll of teleportation {unknown}
Potions
 f - a potion of haste {unknown}
 j - 2 potions of magic {unknown}
 q - 2 potions of invisibility {unknown}
 r - a potion of attraction {unknown}
 s - a potion of cancellation {unknown}
 v - 2 potions of curing {unknown}
 w - a potion of mutation {unknown}


   Skills:
 - Level 2.0 Fighting
 + Level 6.9 Maces & Flails
 - Level 1.7 Throwing
 - Level 2.6 Dodging


You had 5 spell levels left.
You didn't know any spells.
Your spell library was empty.

Dungeon Overview and Level Annotations

Branches:
Dungeon (4/15) Zot: 21486
 Temple: D:4-7

Altars:
Xom

Shops:
D:3 (


Innate Abilities, Weirdness & Mutations

You can wield a second weapon in your off-hand.
It takes a long time for you to wield or remove held weapons.
Your first few attacks do less damage.
Your first movements take longer.


Message History

No target in view!
A hound comes into view.
The hound barks!
You hear an angry hiss.
A hound comes into view.
There are monsters nearby!
There are monsters nearby!
The hound bites you. The hound closely misses you.
A ball python comes into view.
You take 2 damage, and have 42/44 hp.
You barely miss the hound with your +0 flail.
The hound barks!
You hit the hound with your +0 flail. The hound bites you.
You take 1 damage, and have 41/44 hp.
You closely miss the hound with your +0 flail.
The hound is lightly wounded.
You sock the hound with your +0 flail! The hound bites you.
The hound closely misses you. The hound bites you but does no damage.
You closely miss the hound with your +0 flail.
The hound is almost dead.
You barely miss the hound with your +0 flail.
The hound barely misses you. The hound bites you but does no damage.
An adder comes into view.
You closely miss the hound with your +0 flail.
The hound is almost dead.
The adder hisses angrily.
You hit the hound but do no damage. The hound bites you.
The hound closely misses you. The hound bites you. x2
You completely miss the hound with your +0 flail.
The hound is almost dead.
You barely miss the hound with your +0 flail.
The hound bites you. x2
You take 16 damage, and have 25/44 hp.
MASSIVE DAMAGE!!
You are too injured to fight recklessly!
You are too injured to fight recklessly!
You are too injured to fight recklessly!
You are too injured to fight recklessly!
You are too injured to fight recklessly!
You are too injured to fight recklessly!
You are too injured to fight recklessly!
You are too injured to fight recklessly!
You are too injured to fight recklessly!
You are too injured to fight recklessly!
You are too injured to fight recklessly!
You are too injured to fight recklessly!
You are too injured to fight recklessly!
You are too injured to fight recklessly!
You are too injured to fight recklessly!
You are too injured to fight recklessly!
You are too injured to fight recklessly!
You are too injured to fight recklessly!
You are too injured to fight recklessly!
You are too injured to fight recklessly!
You are too injured to fight recklessly!
A sleepcap comes into view.
The hound attacks as it pursues you! The hound misses you.
The hound barely misses you. The hound closely misses you.
The hound misses you. The hound bites you.
The sleepcap moves out of view.
You take 1 damage, and have 24/44 hp.
The hound misses you.
You closely miss the hound with your +0 flail.
You hit the hound with your +0 flail. The hound barely misses you.
The hound pauses to sniff the ground.
The hound misses you.
You hit the hound but do no damage.
The hound is moderately wounded.
You sock the hound with your +0 flail!
You kill the hound!
The hound closely misses you.
You sock the hound with your +0 flail!
You kill the hound!
The adder bites you but does no damage. The adder bites you. x2
You take 4 damage, and have 21/44 hp.
You miss the adder with your +0 flail.
You closely miss the adder with your +0 flail.
The adder bites you but does no damage.
You barely miss the adder with your +0 flail.
You hit the adder with your +0 flail. The adder barely misses you.
The adder closely misses you.
You closely miss the adder with your +0 flail.
The adder is lightly wounded.
You closely miss the adder with your +0 flail.
The adder closely misses you.
You closely miss the adder with your +0 flail.
The adder is lightly wounded.
You miss the adder with your +0 flail. The adder bites you.
You take 1 damage, and have 21/44 hp.
You closely miss the adder with your +0 flail.
The adder is lightly wounded.
You thump the adder with your +0 flail!
You kill the adder!
You hit the sleepcap but do no damage.
You hit the sleepcap with your +0 flail.
The sleepcap releases spores at you.
* * * LOW HITPOINT WARNING * * *
You are engulfed in a cloud of soporific spores!
You fall asleep.
The sleepcap barely misses you. The sleepcap releases spores at you!
You die...
Xom giggles madly!

... ██.██ .. █.█
.. █.██ .██ █..█
..█ ██.█ █.█ █.█
██.████.█ █.█
........██████
█.█
.███.██.Sf@..█
█.█
.......████.███.█
█.█.██..........█
.. █.████.█████ █
..█ █.█ █.. ..█
█..


████ █. You could see a sleepcap and a ball python.

Vanquished Creatures
  4 crimson imps (D:3)
  A jelly (D:4)
  2 hounds (D:4)
  An orc wizard (D:3)
  Terence (D:2)
  An adder (D:4)
  5 dart slugs
  2 orcs (D:3)
  9 ball pythons
  7 endoplasms
  2 giant cockroaches (D:1)
  2 goblins
  2 hobgoblins
  6 jackals
  3 quokkas
  7 bats
  7 frilled lizards (D:1)
  4 kobolds
  9 rats
75 creatures vanquished.

Notes
Turn   | Place    | Note
-------+----------+-------------------------------------------
     0 | D:1      | Goblin1989 the Coglin Gladiator began the quest for the
                  | Orb.
     0 | D:1      | Reached XP level 1. HP: 16/16 MP: 1/1
    92 | D:1      | Reached skill level 3 in Maces & Flails
   115 | D:1      | Reached XP level 2. HP: 20/22 MP: 2/2
   272 | D:1      | Reached XP level 3. HP: 18/27 MP: 3/3
   384 | D:1      | Found a faded altar of an unknown god.
   417 | D:1      | Reached skill level 4 in Maces & Flails
   593 | D:1      | Reached XP level 4. HP: 33/33 MP: 4/4
  1166 | D:2      | Noticed Terence
  1174 | D:2      | Killed Terence
  1175 | D:2      | Reached skill level 5 in Maces & Flails
  1175 | D:2      | Identified the ring of Kaup {rPois rF+ rCorr MP+9}
  1180 | D:2      | Reached XP level 5. HP: 17/38 MP: 5/5
  1639 | D:3      | Found a shimmering altar of Xom.
  1648 | D:3      | Became a worshipper of Xom of Chaos
  1701 | D:3      | XOM: cast spell 'Olgreb's Toxic Radiance'
  1710 | D:3      | Reached skill level 6 in Maces & Flails
  1710 | D:3      | Reached XP level 6. HP: 35/44 MP: 6/6
  1714 | D:3      | XOM: potion effect (brilliance)
  1716 | D:3      | XOM: silly message
  1773 | D:3      | Found Cefolaeh's Antique Weapon Shop.
  1927 | D:3      | XOM: divination: magic mapping
  2193 | D:3      | XOM: divination: detect creatures
  2398 | D:4      | Slain by a sleepcap

Illustrated notes

Levels and vault maps discovered:
D:1:      wander_arrival_estate, layout_basic, basic_ecumenical_altar,
          st_stairs_11, minmay_lizard_pond
D:2:      layout_loops_ring, minmay_pentomino_r2, uniq_terence
D:3:      layout_loops_cross, led_xom_imps, serial_shops,
          nicolae_shop_behind_doors, uniq_crazy_yiuf_cottage
D:4:      layout_loops_corners, serial_park_tiny_2, minmay_diced_spiral,
          uniq_natasha

Skill      XL: |  1  2  3  4  5 |
---------------+----------------+-----
Maces & Flails | 3 4 5 6 |  6.9
Fighting       | |  2.0
Throwing       | |  1.7
Dodging        | |  2.6

Action                     |  1- 3 |  4- 6 || total
---------------------------+-------+-------++-------
  Melee: Flail             |    77 |    97 ||   174
         Whip              |     7 |    64 ||    71
   Stab: Sleeping          |     1 |     2 ||     3
 Armour: Leather armour    |    65 |    61 ||   126
  Dodge: Dodged            |    96 |    64 ||   160

Table legend: (Time is in decaauts)
 A = Elapsed time spent in this place.
 B = Non-inter-level travel time spent in this place.
 C = Inter-level travel time spent in this place.
 D = Time resting spent in this place.
 E = Time spent auto-exploring this place.
 F = Levels seen in this place.
 G = Mean time per level.
                   A        B        C        D        E       F      G
               +--------+--------+--------+--------+--------+-----+--------+
         Total |   2512 |   2420 |     92 |      0 |   1857 |   4 |  628.0 |
       Dungeon |   2512 |   2420 |     92 |      0 |   1857 |   4 |  628.0 |
               +--------+--------+--------+--------+--------+-----+--------+

Top non-repeatable levels by time:
     D:3: 878 daAuts
     D:1: 853 daAuts
     D:2: 731 daAuts
     D:4: 49 daAuts
